 Dungeon Crawl Stone Soup version 0.29-a0-830-gcb1280458a (webtiles) character file.

Game seed: 11066559760780934090

1964 frimble the Insei (level 9, -10/69 HPs)
             Began as a Demonspawn Ice Elementalist on July 12, 2022.
             Was a Follower of Cheibriados.
             Mangled by a vampire
             ... wielding a +2 vampiric bardiche
              (20 damage)
             ... in a bailey.
             The game lasted 00:08:51 (6496 turns).

frimble the Insei (Demonspawn Ice Elementalist)     Turns: 6496, Time: 00:08:52

Health: -10/69     AC: 10    Str: 14    XL:     9   Next: 0%
Magic:  12/12      EV: 12    Int: 22    God:    Cheibriados [*.....]
Gold:   294        SH:  0    Dex: 16    Spells: 0/12 levels left

rFire   . . .      SeeInvis +     - Unarmed
rCold   + . .      Faith    .   (no shield)
rNeg    . . .      Spirit   .   g - +2 leather armour {rC+}
rPois   .          Reflect  .   d - +2 hat
rElec   +          Harm     .   i - +0 cloak
rCorr   .          Rampage  .   (no gloves)
Will    .....                   c - +1 pair of boots
Stlth   ++........              (no amulet)
HPRegen 0.21/turn               e - +4 ring of slaying
MPRegen 0.13/turn               a - ring of see invisible

@: mighty, attractive, very slow
A: foul stench 2, sturdy frame 1, demonic touch 2, electricity resistance
a: Renounce Religion, Bend Time


You were in a bailey.
You worshipped Cheibriados.
Cheibriados was aware of your devotion.
You visited 1 branch of the dungeon, and saw 7 of its levels.
You also visited: Bailey.

You collected 294 gold pieces.

Inventory:

Armour
 c - a +1 pair of boots (worn)
 d - a +2 hat (worn)
 g - a +2 leather armour of cold resistance (worn)
 i - a +0 cloak (worn)
Jewellery
 a - a ring of see invisible (right hand)
 e - a +4 ring of slaying (left hand)
 q - a +6 ring of intelligence
 t - a ring of positive energy
 x - the ring "Cap Loeq" {*Slow rElec Int+6 Stlth+}
   (You found it on level 4 of the Dungeon)

   [ring of intelligence]

   Int:       It affects your intelligence (+6).
   rElec:     It insulates you from electricity.
   *Slow:     It may slow you when you take damage.
   Stlth:     It makes you more stealthy.
Wands
 o - a wand of iceblast (11)
 v - a wand of polymorph (4)
Scrolls
 f - 3 scrolls of teleportation
 h - 3 scrolls of silence
 l - a scroll of identify
 m - a scroll of amnesia
 r - 2 scrolls of enchant armour
 s - a scroll of fog
Potions
 b - a potion of magic
 j - a potion of flight
 k - a potion of heal wounds
 n - 2 potions of curing
 p - 2 potions of resistance
 u - a potion of might
Miscellaneous
 y - a tin of tremorstones (2/2)


   Skills:
 + Level 5.9 Fighting
 - Level 1.9 Dodging
 - Level 1.9 Stealth
 + Level 7.4 Unarmed Combat
 - Level 2.1 Spellcasting
 - Level 6.2 Ice Magic
 + Level 0.0 Earth Magic


You couldn't memorise any spells.
You knew the following spells:

 Your Spells              Type           Power      Damage    Failure   Level
a - Freeze                Ice            100%       1d11      1%          1
b - Ozocubu's Armour      Ice            29%        N/A       3%          3
c - Frozen Ramparts       Ice            58%        1d7       3%          3
d - Lee's Rapid Deconstr  Erth           1%         3d5*      98%         5

Your spell library contained the following spells:

 Spells                   Type           Power      Damage    Failure   Level
 Poisonous Vapours        Pois/Air       4%         N/A       22%         2
 Hailstorm                Conj/Ice       16%        3d6       36%         4
 Portal Projectile        Hex/Tloc       4%         N/A       38%         3
 Tukima's Dance           Hex            2%         N/A       38%         3
 Corpse Rot               Necr/Pois/Air  2%         N/A       80%         4
 Leda's Liquefaction      Hex/Erth       1%         N/A       80%         4
 Blade Hands              Tmut           1%         N/A       98%         5
 Statue Form              Tmut/Erth      1%         N/A       100%        6


Dungeon Overview and Level Annotations

Branches:
Dungeon (7/15)             Bailey (1/1)
 Temple: D:4-7

Altars:
Ashenzari
Cheibriados
Fedhas
Hepliaklqana
Vehumet
Xom

Shops:
D:2 =


Innate Abilities, Weirdness & Mutations

You sometimes emit foul miasma when damaged in melee.
Your movements are slightly less encumbered by armour. (ER -2)
Your touch may inflict irresistible damage on your foes.
You are resistant to electric shocks. (rElec)


Message History

The mass of ice explodes!
The iceblast engulfs the vampire.
The vampire partially resists.
The vampire is lightly damaged.
Aiming: Iceblast
Press: ? - help, Shift-Dir - straight line The mass of ice explodes!
The iceblast engulfs the vampire but does no damage.
The vampire is lightly damaged.
You feel very mighty all of a sudden.
Really quaff the potion of attraction?
You feel attractive to monsters.
The vampire casts a spell.
The vampire flickers and vanishes for a moment.
The vampire is attracted toward you.
You hit the vampire.
You touch the vampire.
The vampire is heavily damaged.
The vampire misses you.
The vampire bites you but does no damage.
You hit the vampire.
The vampire is heavily damaged.
The vampire hits you with a +2 vampiric bardiche!
The vampire draws strength from your wounds!
The vampire bites you!
The vampire draws strength from your injuries!
You barely miss the vampire.
The vampire is moderately damaged.
The vampire hits you but does no damage.
The vampire bites you!
The vampire draws strength from your injuries!
You hit the vampire.
You touch the vampire!
The vampire is heavily damaged.
You hit the vampire.
The vampire is heavily damaged.
The vampire hits you with a +2 vampiric bardiche!!
* * * LOW HITPOINT WARNING * * *
You emit a cloud of foul miasma!
The vampire misses you.
You closely miss the vampire.
The vampire is heavily damaged.
The vampire hits you with a +2 vampiric bardiche!!
You die...

## .## ## [!## #8.
..8# #.. #..# #..#
##..#########
#...##.V.#)......8
#.....@##.......8
##....##...#######
###''##...##....8#
#.........#......#
#8........)......#
#########....#...#
#8.....##..##...+
#.......####....+
#..♣.)...#...####


You could see a vampire (invisible).

Vanquished Creatures
  A gargoyle (Bailey)
  Prince Ribbit (D:5)
  Sigmund (D:5)
  3 ice beasts
  2 ogres
  2 phantoms
  2 kobold brigands (D:7)
  A necrophage (D:6)
  2 hounds
  A jelly (D:7)
  2 iguanas
  An iron imp (D:5)
  Ijyb (D:3)
  3 orc wizards (D:5)
  3 gnolls (D:5)
  10 adders
  A white imp (D:7)
  3 ufetubi
  6 worms
  8 dart slugs
  8 orcs
  4 bats
  11 endoplasms
  A giant cockroach (D:2)
  5 hobgoblins
  A jackal (D:5)
  12 kobolds
  3 quokkas
  7 ball pythons
  4 goblins
  8 orc zombies (Bailey)
  10 rats
128 creatures vanquished.

Notes
Turn   | Place    | Note
-------+----------+-------------------------------------------
     0 | D:1      | frimble the Demonspawn Ice Elementalist began the quest for
                  | the Orb.
     0 | D:1      | Reached XP level 1. HP: 13/13 MP: 3/3
   361 | D:1      | Gained mutation: Your touch may inflict minor irresistible
                  | damage on your foes. [demonic ancestry]
   361 | D:1      | Reached XP level 2. HP: 18/19 MP: 1/5
   466 | D:1      | Found a faded altar of an unknown god.
  1103 | D:2      | Found Jycoywna's Jewellery Boutique.
  1138 | D:2      | Reached skill level 1 in Unarmed Combat
  1151 | D:2      | Gained mutation: Your touch may inflict irresistible damage
                  | on your foes. [demonic ancestry]
  1151 | D:2      | Reached XP level 3. HP: 19/24 MP: 6/6
  1540 | D:2      | Learned a level 3 spell: Ozocubu's Armour
  2014 | D:3      | Gained mutation: You may rarely emit foul miasma when
                  | damaged in melee. [demonic ancestry]
  2014 | D:3      | Reached XP level 4. HP: 23/30 MP: 7/7
  2040 | D:3      | Reached skill level 2 in Unarmed Combat
  2506 | D:3      | Found a hazy altar of Hepliaklqana.
  2507 | D:3      | Found a shimmering altar of Xom.
  2508 | D:3      | Noticed a spectral ugly thing
  2634 | D:3      | Gained mutation: You are resistant to electric shocks.
                  | (rElec) [potion of mutation]
  2930 | D:3      | Noticed Ijyb
  2950 | D:3      | Killed Ijyb
  2951 | D:3      | Gained mutation: You sometimes emit foul miasma when
                  | damaged in melee. [demonic ancestry]
  2951 | D:3      | Reached XP level 5. HP: 34/35 MP: 8/8
  3280 | D:4      | Learned a level 3 spell: Frozen Ramparts
  3378 | D:4      | Noticed an ice beast
  3390 | D:4      | Killed an ice beast
  3391 | D:4      | Reached skill level 3 in Unarmed Combat
  3391 | D:4      | Reached skill level 5 in Ice Magic
  3433 | D:4      | Reached XP level 6. HP: 41/41 MP: 9/9
  3681 | D:4      | Found a blossoming altar of Fedhas.
  3716 | D:4      | Identified the ring "Cap Loeq" {*Slow rElec Int+6 Stlth+}
  3793 | D:4      | Reached skill level 4 in Unarmed Combat
  3833 | D:5      | Entered Level 5 of the Dungeon
  3839 | D:5      | Noticed Prince Ribbit
  3849 | D:5      | Killed Prince Ribbit
  3850 | D:5      | Gained mutation: Your movements are slightly less
                  | encumbered by armour. (ER -2) [demonic ancestry]
  3850 | D:5      | Reached XP level 7. HP: 25/46 MP: 10/10
  4183 | D:5      | Found a snail-covered altar of Cheibriados.
  4310 | D:5      | Reached skill level 1 in Fighting
  4323 | D:5      | Became a worshipper of Cheibriados the Contemplative
  4381 | D:5      | Found a radiant altar of Vehumet.
  4418 | D:5      | Reached skill level 5 in Unarmed Combat
  4480 | D:5      | Found a broken altar of Ashenzari.
  4995 | D:5      | Reached XP level 8. HP: 34/58 MP: 11/11
  5226 | D:5      | Noticed Sigmund
  5239 | D:5      | Killed Sigmund
  5240 | D:5      | Reached skill level 6 in Unarmed Combat
  5676 | D:6      | Noticed a skeletal warrior
  5711 | D:7      | Reached * piety under Cheibriados
  5962 | D:7      | Reached skill level 5 in Fighting
  6003 | D:7      | Found a flagged portal.
  6012 | Bailey   | Entered a bailey
  6027 | Bailey   | Reached skill level 7 in Unarmed Combat
  6213 | Bailey   | Noticed a gargoyle
  6227 | Bailey   | Killed a gargoyle
  6228 | Bailey   | Reached XP level 9. HP: 16/69 MP: 9/12
  6234 | Bailey   | Learned a level 5 spell: Lee's Rapid Deconstruction
  6496 | Bailey   | Mangled by a vampire

Illustrated notes

Levels and vault maps discovered:
D:1:      wander_arrival_fairy_ring, layout_rooms,
          dilly_ecumenical_altar_fadedgnrine
D:2:      layout_basic, serial_shops, nicolae_shop_statue_plus,
          kennysheep_generic_room_11
D:3:      layout_rooms, regret_index_temple_of_mockery, serial_corexii_hall,
          corexii_hall_statues_s, chequers_hall_statues_y,
          roderic_serpentine_path, uniq_ijyb
D:4:      layout_cave_pools, kennysheep_mini_moat, minmay_misc_feat_doors
D:5:      minmay_evil_eye, layout_loops_corners, mainiacjoe_overflow_alcove_1,
          chei_slow_surprise, mainiacjoe_overflow_cross_hatched,
          nicolae_zen_rock_garden, minmay_misc_feat_tiny, uniq_prince_ribbit1,
          uniq_sigmund
D:6:      minmay_chambers_of_sixes, layout_rooms,
          mainiacjoe_overflow_concentric_impassable,
          gammafunk_temple_overflow_claw, portal_sewer_entry_e,
          nicolae_shop_firing_range
D:7:      layout_basic, okawaru_trees_1, minmay_temple_entry_trees,
          enter_bailey_2, item_on_display_a
Bailey:   bailey_polearm_vampire_castle_hellmonk, bailey

Skill      XL: |  1  2  3  4  5  6  7  8 |
---------------+-------------------------+-----
Ice Magic      | 4 5 6 |  6.2
Unarmed Combat | 1 2 3 4 5 7 |  7.4
Fighting       | 3 5 |  5.9
Dodging        | |  1.9
Stealth        | |  1.9
Spellcasting   | |  2.1

Action                   |  1- 3 |  4- 6 |  7- 9 || total
-------------------------+-------+-------+-------++-------
Melee: Unarmed           |    79 |    90 |   132 ||   301
       Touch             |    12 |    18 |    37 ||    67
       Punch             |     2 |     2 |     5 ||     9
 Cast: Freeze            |    11 |     1 |       ||    12
       Ozocubu's Armour  |       |     1 |     2 ||     3
       Frozen Ramparts   |       |     1 |     1 ||     2
Evoke: Wand              |       |     3 |     2 ||     5
  Use: Scroll            |     4 |     6 |     6 ||    16
       Potion            |       |     2 |     2 ||     4
 Stab: Sleeping          |     6 |     6 |     4 ||    16
       Distracted        |     1 |       |       ||     1
Armor: Robe              |    20 |     5 |       ||    25
       Leather armour    |       |    16 |    30 ||    46
Dodge: Dodged            |    37 |    39 |    74 ||   150

Table legend: (Time is in decaauts)
 A = Elapsed time spent in this place.
 B = Non-inter-level travel time spent in this place.
 C = Inter-level travel time spent in this place.
 D = Time resting spent in this place.
 E = Time spent auto-exploring this place.
 F = Levels seen in this place.
 G = Mean time per level.
                   A        B        C        D        E       F      G
               +--------+--------+--------+--------+--------+-----+--------+
         Total |   6787 |   6453 |    334 |    100 |   5331 |   8 |  848.4 |
       Dungeon |   6282 |   5948 |    334 |    100 |   4911 |   7 |  897.4 |
        Bailey |    505 |    505 |      0 |      0 |    420 |   1 |  505.0 |
               +--------+--------+--------+--------+--------+-----+--------+

Top non-repeatable levels by time:
     D:5: 2056 daAuts
     D:3: 1252 daAuts
     D:2: 1070 daAuts
     D:1: 925 daAuts
     D:4: 571 daAuts
  Bailey: 505 daAuts
     D:7: 337 daAuts
     D:6: 69 daAuts
